 Dungeon Sprint DCSS version 0.27.1-33-g824d729ab1 (webtiles) character file.

Game seed: 10469183355921966950

452 manyhoops the Geomancer (level 6, -1/32 HPs)
             Began as a Deep Elf Earth Elementalist on Nov 27, 2021.
             Was an Initiate of Sif Muna.
             Asphyxiated
             ... in the Dungeon (Sprint I: "Red Sonja").
             The game lasted 00:01:21 (444 turns).

manyhoops the Geomancer (DEEE)                       Turns: 444, Time: 00:01:22

Health: -1/32      AC:  2    Str:  5    XL:     6   Next: 75%
Magic:  3/23       EV: 12    Int: 22    God:    Sif Muna [......]
Gold:   176        SH:  0    Dex: 15    Spells: 19/29 levels left

rFire    . . .     SeeInvis .   (no weapon)
rCold    . . .     Faith    .   (no shield)
rNeg     . . .     Spirit   .   b - +0 robe
rPois    .         Reflect  .   (no helmet)
rElec    .         Harm     .   (no cloak)
rCorr    .         Rampage  .   (no gloves)
Will     .....     NoTele   +   (no boots)
Stlth    ++........             (no amulet)
HPRegen  0.10/turn              (no ring)
MPRegen  0.18/turn              (no ring)

@: lethally poisoned (-1 -> -33)
A: no striking features
a: Renounce Religion


You were in the Dungeon.
You worshipped Sif Muna.
Sif Muna was noncommittal.
You visited 1 branch You collected 176 gold pieces.

Inventory:

Missiles
 i - 41 stones
Armour
 b - a +0 robe (worn)
Wands
 a - a wand of digging (4)
Scrolls
 h - a scroll of blinking
Potions
 c - a potion of curing
 d - a potion of heal wounds
 e - a potion of haste
 f - 2 potions of magic


   Skills:
 - Level 2.4 Dodging
 - Level 2.4 Stealth
 - Level 12.1 Spellcasting
 - Level 1.1 Transmutations
 + Level 12.3 Earth Magic


You had 19 spell levels left.
You knew the following spells:

 Your Spells              Type           Power      Damage    Failure   Level
a - Sandblast             Erth           100%       2d20      1%          1
b - Passwall              Tmut/Erth      35%        N/A       1%          2
c - Stone Arrow           Conj/Erth      80%        3d12      1%          3
d - Petrify               Tmut/Erth      43%        N/A       3%          4

Your spell library contained the following spells:

 Spells                   Type           Power      Damage    Failure   Level


Dungeon Overview and Level Annotations

Branches:
Dungeon (1/1)

Altars:
Cheibriados
Dithmenos
Elyvilon
Fedhas
Gozag
Hepliaklqana
Kikubaaqudgha
Nemelex Xobeh
Okawaru
Qazlal
Ru
Sif Muna
Trog
Uskayaw
Vehumet
Wu Jian
Yredelemnul
Zin
The Shining One

Shops:
D (

Annotations:
D Sonja


Message History

The stone arrow misses Sonja.
Sonja plants her feet in a plie.
Sonja throws a curare-tipped dart.
The curare-tipped dart barely misses you.
Casting: Stone Arrow (safe; 1% risk of failure)
Confirm with . or Enter, or press ? or * to list all spells.
Aiming: Stone Arrow (safe; 1% risk of failure)
Press: ? - help, Shift-Dir - straight line, f/p - Sonja
Aim: Sonja, wielding a +0 short sword of venom and quivering curare-tipped darts (moderately wounded, 37% to hit)
The stone arrow misses Sonja.
Sonja completely misses you.
Sonja hits you with a +0 short sword of venom.
You are poisoned.
Sonja hits you with a +0 short sword of venom!
You are lethally poisoned!
Casting: Stone Arrow (safe; 1% risk of failure)
Confirm with . or Enter, or press ? or * to list all spells.
Aiming: Stone Arrow (safe; 1% risk of failure)
Press: ? - help, Shift-Dir - straight line, f/p - Sonja
Aim: Sonja, wielding a +0 short sword of venom and quivering curare-tipped darts (moderately wounded, 37% to hit)
The stone arrow hits Sonja!!
Sonja is almost dead.
You feel very sick. Sonja barely misses you.
Sonja hits you with a +0 short sword of venom.
You are more poisoned.
Sonja misses you.
Casting: Stone Arrow (safe; 1% risk of failure)
Confirm with . or Enter, or press ? or * to list all spells.
Aiming: Stone Arrow (safe; 1% risk of failure)
Press: ? - help, Shift-Dir - straight line, f/p - Sonja
Aim: Sonja, wielding a +0 short sword of venom and quivering curare-tipped darts (almost dead, 37% to hit)
The stone arrow misses Sonja.
* * * LOW HITPOINT WARNING * * *
You feel very sick.
Sonja casts a spell.
Sonja blinks!
Sonja throws a curare-tipped dart.
The curare-tipped dart hits you.
You are more poisoned.
You have difficulty breathing.
You die...

################
#<.#..)..#..'..#
#..)..#..').#..+
#..#####'#####'#
#..####..# #.#
#..#__#### ##.#
#..#_____##+#_.+
#⌠⌠#_.∩...'..._#
####_..__##@§#'#
#_____###'#[#
####### K### .$
.$# .## +#


You could see Sonja.

Vanquished Creatures
  Sigmund (D)
  A yak (D)
  An ogre (D)
  A jelly (D)
  Ijyb (D)
5 creatures vanquished.

Notes
Turn   | Place    | Note
-------+----------+-------------------------------------------
     0 | D        | manyhoops the Deep Elf Earth Elementalist began the quest
                  | for the Orb.
     0 | D        | Reached XP level 1. HP: 10/10 MP: 6/6
     1 | D        | Noticed Ijyb
    17 | D        | Killed Ijyb
    18 | D        | Reached XP level 2. HP: 5/15 MP: 1/13
   235 | D        | Noticed an ogre
   239 | D        | Killed an ogre
   240 | D        | Reached XP level 3. HP: 19/19 MP: 9/18
   240 | D        | Reached XP level 4. HP: 24/24 MP: 10/20
   303 | D        | Noticed Sigmund
   307 | D        | Killed Sigmund
   308 | D        | Reached XP level 5. HP: 21/28 MP: 16/21
   308 | D        | Reached XP level 6. HP: 24/32 MP: 17/23
   311 | D        | Learned a level 2 spell: Passwall
   315 | D        | Learned a level 3 spell: Stone Arrow
   320 | D        | Learned a level 4 spell: Petrify
   398 | D        | Found an ornate altar of the Wu Jian Council.
   398 | D        | Found a shimmering blue altar of Sif Muna.
   400 | D        | Found a radiant altar of Vehumet.
   403 | D        | Reached skill level 10 in Earth Magic
   413 | D        | Found Onushuweic's Weapon Emporium.
   413 | D        | Found an ancient bone altar of Kikubaaqudgha.
   413 | D        | Found a hazy altar of Hepliaklqana.
   413 | D        | Found a stormy altar of Qazlal.
   413 | D        | Found a hide-covered altar of Uskayaw.
   413 | D        | Found a blossoming altar of Fedhas.
   413 | D        | Found a bloodstained altar of Trog.
   413 | D        | Found an iron altar of Okawaru.
   413 | D        | Found a basalt altar of Yredelemnul.
   413 | D        | Found a glowing golden altar of the Shining One.
   413 | D        | Found a snail-covered altar of Cheibriados.
   413 | D        | Found a sacrificial altar of Ru.
   413 | D        | Found a glowing silver altar of Zin.
   413 | D        | Found a shadowy altar of Dithmenos.
   413 | D        | Found a white marble altar of Elyvilon.
   413 | D        | Noticed a yak
   415 | D        | Killed a yak
   416 | D        | Found an opulent altar of Gozag.
   417 | D        | Found a sparkling altar of Nemelex Xobeh.
   429 | D        | Became a worshipper of Sif Muna the Loreminder
   437 | D        | Noticed Sonja
   444 | D        | Asphyxiated

Illustrated notes

Levels and vault maps discovered:
D:        dungeon_sprint_1 [red_sonja_temple_1, red_sonja_temple_small_1]

Skill      XL: |  1  2  3  4  5  6 |
---------------+-------------------+-----
Spellcasting   | 8 12 | 12.1
Earth Magic    | 9 12 | 12.3
Dodging        | |  2.4
Stealth        | |  2.4
Transmutations | |  1.1

Action                   |  1- 3 |  4- 6 || total
-------------------------+-------+-------++-------
Melee: Unarmed           |     9 |       ||     9
 Cast: Sandblast         |     9 |     7 ||    16
       Stone Arrow       |       |     7 ||     7
  Use: Potion            |     1 |       ||     1
Armor: Robe              |     2 |       ||     2
Dodge: Dodged            |     4 |     8 ||    12
